Map: Romanticide LE

Players

eldottore - Winner!

  • Race: Zerg Zerg
  • League: Platinum
  • Spawn Location: 11:00

Nivek

  • Race: Terran Terran
  • League: Gold
  • Spawn Location: 5:00

VOD

Have the link to the VOD?

Description

Time

  • Played on: Nov. 5, 2020, 8:41 p.m.
  • Length: 16:51
Show
View Real Time Build Order
Export as new Build Order

eldottore Zerg - Winner!

Build Orders: Hatch First, Muta Ling Bane 

Get SALT Encoding   

  12  0:01  Drone  
  13  0:13  Overlord  
  13  0:17  Drone  
  14  0:31  Drone x2  
  16  0:50  Hatchery  
  16  0:54  Drone  
  16  0:56  Drone  
  17  0:59  Drone  
  18  1:10  Extractor  
  17  1:16  Spawning Pool  
  17  1:18  Drone  
  17  1:22  Drone  
  18  1:29  Drone  
  20  1:40  Drone  
  20  1:50  Drone  
  21  2:03  Queen x2  
  21  2:04  Zergling x2  
  21  2:05  Zergling x2  
  27  2:19  Hatchery  
  26  2:30  Overlord  
  26  2:32  Drone x2  
  28  2:40  Spore Crawler  
  28  2:55  Drone x3  
  28  2:56  Drone  
  28  2:57  Queen  
  34  3:05  Metabolic Boost  
  34  3:08  Overlord  
  34  3:10  Drone x2  
  34  3:11  Overlord  
  36  3:31  Drone  
  36  3:32  Drone x2  
  36  3:33  Drone x3  
  36  3:34  Drone  
  43  3:42  Overlord  
  43  3:46  Queen x2  
  43  3:47  Queen  
  49  4:05  Zergling x8  
  49  4:09  Overlord  
  53  4:10  Overlord  
  53  4:22  Drone x5, Baneling Nest  
  57  4:32  Drone x2  
  57  4:33  Drone x3  
  57  4:34  Drone  
  57  4:37  Overlord  
  63  4:41  Lair  
  63  4:43  Spore Crawler  
  63  4:45  Spore Crawler  
  61  4:47  Spore Crawler  
  61  4:51  Queen  
  61  4:52  Queen  
  64  5:11  Extractor  
  64  5:13  Extractor  
  62  5:15  Drone x2  
  62  5:16  Drone  
  62  5:17  Evolution Chamber x2, Drone x3  
  62  5:18  Drone x4  
  62  5:19  Drone x3  
  73  5:21  Overlord  
  73  5:23  Overlord  
  73  5:57  Baneling x4  
  73  5:58  Baneling x5  
  73  5:59  Zergling x8  
  73  6:00  Zergling x20  
  87  6:04  Centrifical Hooks  
  87  6:31  Extractor  
  86  6:34  Spire  
  86  6:37  Drone x2, Extractor  
  86  6:38  Drone, Extractor  
  86  6:39  Drone x3  
  89  6:40  Drone  
  89  6:42  Overlord  
  89  6:43  Overlord  
  89  6:44  Overlord  
  89  6:45  Overlord  
  90  6:54  Hatchery  
  90  6:55  Drone  
  90  7:06  Hatchery  
  89  7:12  Zerg Melee Weapons Level 1  
  89  7:13  Zerg Ground Armor Level 1  
  89  7:22  Drone x3  
  92  7:39  Extractor  
  92  7:41  Zergling x18  
  92  7:42  Zergling x16  
  108  7:45  Extractor  
  108  7:47  Baneling x6  
  108  7:48  Baneling x3  
  108  7:51  Zerg Flyer Weapons Level 1  
  107  8:02  Drone x3  
  107  8:03  Drone x3  
  113  8:20  Mutalisk  
  113  8:21  Mutalisk x5  
  113  8:26  Overlord  
  113  8:27  Overlord x2  
  125  8:28  Overlord  
  125  8:31  Overseer  
  125  8:34  Pneumatized Carapace  
  125  8:37  Drone  
  125  8:39  Overlord  
  126  8:51  Infestation Pit  
  126  8:52  Queen  
  127  9:08  Mutalisk x3  
  127  9:09  Mutalisk x6  
  145  9:29  Zergling x2  
  145  9:30  Zergling x40  
  162  9:43  Baneling x7  
  162  9:44  Baneling x8  
  162  9:46  Hive  
  162  9:55  Zergling x2  
  162  9:56  Zergling x6  
  162  9:59  Overlord  
  166  10:00  Overlord x6  
  166  10:27  Zerg Flyer Weapons Level 2  
  166  10:32  Drone x3  
  166  10:33  Drone x5  
  166  10:34  Zergling x14  
  166  10:35  Zergling x18  
  186  11:24  Ultralisk Cavern  
  185  11:27  Adrenal Glands  
  185  11:31  Zerg Ground Armor Level 2, Zerg Melee Weapons Level 2  
  167  12:14  Ultralisk  
  167  12:15  Ultralisk x4  
  197  12:21  Chitinous Plating  
  193  12:46  Ultralisk  
  133  13:17  Zergling x8  
  133  13:18  Zergling x50  
  133  13:19  Zergling x28  
  170  13:36  Zerg Flyer Weapons Level 3  
  170  13:40  Anabolic Synthesis  
  170  13:48  Baneling x13  
  170  13:49  Baneling x18  
  170  13:52  Mutalisk x2  
  170  13:53  Mutalisk x5  
  184  13:57  Ultralisk  
  184  14:00  Zergling x2  
  184  14:01  Zergling x10  
  133  14:34  Zergling x14  
  133  14:35  Zergling x30  
  151  14:59  Queen  
  147  15:07  Baneling  
  147  15:08  Baneling x8  
  147  15:09  Baneling x6  
  147  15:10  Baneling x2  
  147  15:11  Ultralisk  
  153  15:27  Baneling x3  
  153  15:28  Baneling x8  
  153  15:29  Baneling  
  153  16:04  Hatchery  
  153  16:09  Hatchery  
Show
View Real Time Build Order
Export as new Build Order

Nivek Terran 

Build Orders: Gas First Reaper Expand 

Get SALT Encoding   

  12  0:01  SCV  
  13  0:19  SCV, Supply Depot  
  14  0:28  Refinery  
  14  0:43  Barracks  
  14  0:44  SCV  
  15  0:56  SCV  
  16  1:08  SCV  
  17  1:20  SCV  
  18  1:32  Reaper  
  18  1:33  Orbital Command  
  19  1:53  Command Center  
  19  2:01  SCV  
  20  2:09  Barracks Reactor  
  20  2:10  Factory  
  20  2:20  Barracks  
  20  2:24  SCV  
  21  2:35  Supply Depot  
  21  2:38  SCV  
  21  2:45  Marine  
  21  2:46  Marine  
  23  2:55  Refinery, Factory Tech Lab  
  23  2:56  SCV  
  24  3:05  Orbital Command  
  24  3:07  Marine  
  24  3:08  SCV, Marine  
  27  3:20  SCV, Factory Reactor  
  28  3:27  Starport  
  28  3:32  SCV  
  28  3:33  Marine x2  
  31  3:36  Marine  
  32  3:44  SCV  
  32  3:46  Stimpack  
  32  3:48  SCV  
  34  3:51  Marine  
  35  3:56  SCV  
  35  4:00  SCV  
  37  4:06  Factory Tech Lab  
  37  4:08  SCV  
  38  4:10  Supply Depot  
  38  4:13  SCV  
  38  4:14  Marine x2  
  41  4:19  Marine  
  41  4:21  SCV  
  43  4:27  Medivac  
  45  4:32  Medivac, Marine  
  45  4:33  SCV  
  45  4:34  Supply Depot  
  45  4:35  SCV  
  45  4:37  Marine  
  51  4:42  Marine  
  51  4:45  Engineering Bay  
  52  4:48  SCV x2  
  54  4:55  Marine  
  54  4:57  Marine  
  54  4:59  Marine  
  56  5:01  Liberator  
  60  5:07  SCV  
  60  5:11  Supply Depot  
  60  5:13  Marine  
  62  5:32  SCV x2, Marine x2  
  66  5:37  Command Center  
  66  5:41  Refinery  
  66  5:43  Refinery  
  66  5:45  SCV  
  66  5:49  SCV  
  68  5:53  Medivac  
  70  6:10  Engineering Bay  
  70  6:11  Engineering Bay  
  70  6:14  Medivac, Marine x2  
  61  6:20  SCV  
  62  6:27  SCV, Barracks  
  62  6:28  Marine  
  62  6:29  Combat Shield  
  62  6:30  Armory  
  62  6:32  Marine x2  
  66  6:33  Supply Depot  
  66  6:35  Siege Tank  
  66  6:38  SCV  
  70  6:45  Supply Depot  
  70  6:46  Terran Infantry Weapons Level 1  
  70  6:47  Supply Depot  
  70  6:49  Viking  
  70  6:51  Barracks  
  72  6:55  Barracks  
  72  6:58  SCV, Terran Infantry Armor Level 1  
  72  7:00  Orbital Command  
  73  7:06  SCV  
  73  7:08  Marine x2  
  75  7:09  Marine  
  75  7:15  Barracks Reactor  
  77  7:17  Medivac  
  77  7:19  SCV  
  80  7:26  Marine  
  80  7:27  Orbital Command  
  81  7:42  Marine x3  
  81  7:43  Marine  
  81  7:44  Marine, Siege Tank  
  85  7:49  SCV x2  
  91  7:55  Marine x2  
  91  7:56  Terran Vehicle Weapons Level 1, Supply Depot  
  91  7:57  Supply Depot  
  93  7:59  Supply Depot  
  93  8:00  Refinery, Marine x2  
  93  8:01  SCV  
  93  8:02  Refinery, Marine x2  
  98  8:06  SCV  
  98  8:12  Missile Turret  
  99  8:13  SCV  
  99  8:15  Marine x2, Factory  
  99  8:16  Siege Tank  
  105  8:20  Supply Depot  
  105  8:23  Supply Depot  
  105  8:25  SCV x2  
  107  8:28  Missile Turret, Marine  
  108  8:37  SCV, Marine x3  
  108  8:38  Marine  
  113  8:43  Barracks Reactor  
  113  8:44  Marine  
  113  8:46  Concussive Shells  
  113  8:47  SCV  
  115  8:48  Marine, Siege Tank  
  115  8:49  Supply Depot  
  115  8:55  SCV, Marine  
  121  8:56  SCV  
  122  9:03  Supply Depot x2  
  122  9:06  SCV, Missile Turret  
  122  9:07  SCV  
  122  9:08  Marine x4  
  128  9:17  Factory  
  128  9:20  Siege Tank  
  128  9:24  Missile Turret  
  131  9:27  Missile Turret  
  131  9:29  Marine x2  
  133  9:36  Marine  
  134  9:42  SCV  
  134  9:43  Command Center  
  135  9:47  Missile Turret  
  135  9:52  Terran Infantry Weapons Level 2, Siege Tank  
  135  9:53  Terran Infantry Armor Level 2  
  135  9:55  SCV  
  139  10:00  Factory Tech Lab  
  139  10:01  SCV  
  140  10:10  Supply Depot, Factory  
  140  10:12  Factory  
  140  10:15  Marine x4  
  144  10:25  SCV, Siege Tank  
  144  10:26  Siege Tank  
  151  10:32  Sensor Tower  
  151  10:34  Missile Turret  
  151  10:40  Medivac  
  151  10:41  Medivac  
  155  10:51  SCV  
  155  10:52  Supply Depot, Missile Turret  
  159  10:57  Siege Tank  
  159  10:58  Siege Tank  
  162  11:05  SCV  
  163  11:16  Marine  
  163  11:17  Marine  
  165  11:29  Siege Tank  
  165  11:30  Siege Tank  
  170  11:41  Planetary Fortress  
  170  11:48  Missile Turret  
  170  12:01  Siege Tank  
  173  12:02  Siege Tank  
  176  12:08  Marine x2  
  178  12:33  Siege Tank  
  181  12:41  Siege Tank  
  177  12:56  Marine  
  177  12:57  Marine x5  
  177  12:58  Marine  
  184  13:05  Siege Tank  
  150  13:18  Siege Tank  
  140  13:24  Factory Tech Lab x2  
  140  13:25  SCV  
  138  13:29  Barracks Tech Lab  
  138  13:31  Ghost Academy  
  138  13:37  Siege Tank  
  138  13:38  SCV  
  138  13:53  Marine x4  
  138  13:54  Marine  
  138  13:55  Marauder x2  
  147  13:57  SCV  
  147  14:10  Siege Tank  
  147  14:11  Siege Tank x3  
  147  14:16  Marauder  
  147  14:17  Marauder, Marine x4  
  150  14:25  Marine x2  
  135  14:32  SCV  
  135  14:35  Marine x4  
  135  14:36  SCV  
  135  14:37  Ghost  
  135  14:38  Marauder  
  145  14:41  Command Center  
  145  14:45  Barracks  
  145  14:46  Barracks  
  145  14:51  Marine x2  
  147  14:52  Marine  
  147  14:53  Siege Tank  
  147  14:59  Marauder  
  153  15:07  Marauder  
  155  15:09  Supply Depot  
  155  15:20  Ghost  
  141  15:23  Barracks  
  141  15:24  Barracks  
  141  15:28  Marauder  
  143  15:30  Barracks x2  
  143  15:31  Siege Tank x3  
  143  15:33  Medivac x2  
  156  15:38  Marine x2  
  156  15:40  SCV  
  159  15:48  Ghost  
  159  15:49  Marauder  
  163  16:03  Siege Tank  
  166  16:10  Ghost  
  168  16:17  Marine  
Tags
 
Add a new tag
Caveats
  • Supply blocks, unpowered buildings, or Contaminate may cause inaccurate times.
  • Supply counts are checked every 10 seconds.